 Dungeon Crawl Stone Soup version 0.31-a0-233-g139696dc86 (webtiles) character file.

Game seed: 6651923199195609401

1525 qw the Skirmisher (level 8, -3/70 HPs)
             Began as a Minotaur Hexslinger on July 9, 2023.
             Was an Initiate of Okawaru.
             Slain by Menkaure (15 damage)
             ... on level 6 of the Dungeon.
             The game lasted 00:01:56 (5539 turns).

qw the Skirmisher (Minotaur Hexslinger)             Turns: 5539, Time: 00:01:57

Health: -3/70      AC:  5    Str: 13    XL:     8   Next: 54%
Magic:  8/8        EV: 13    Int: 13    God:    Okawaru [......]
Gold:   177        SH:  0    Dex: 13    Spells: 8/9 levels left

rFire   . . .        Y - +1 sling
rCold   . . .        (no shield)
rNeg    . . .        m - +1 robe of the Crushed Seers {+Blink Fly rPois Str-3}
rPois   +            (helmet restricted)
rElec   .            k - +0 cloak
rCorr   +            (no gloves)
SInv    .            (no boots)
Will    .....        (no amulet)
Stlth   +            h - ring of resist corrosion
HPRegen 0.31/turn    b - ring of protection from fire
MPRegen 0.11/turn

%: no passive effects
@: about to teleport, flying
A: horns 2, retaliatory headbutt, clever 1, shaggy fur 1, strong 1, evolution 1,
heat vulnerability 1
a: Renounce Religion, Evoke Blink


You were on level 6 of the Dungeon.
You worshipped Okawaru.
Okawaru was noncommittal.
You visited 2 branches of the dungeon, and saw 7 of its levels.

You collected 247 gold pieces.
You spent 70 gold pieces at shops.


Innate Abilities, Weirdness & Mutations

You have a pair of horns on your head.
You reflexively headbutt those who attack you in melee.
Your mind is acute. (Int +4, Str/Dex -1)
You are covered in fur. (AC +1)
Your muscles are strong. (Str +4, Int/Dex -1)
You have hidden genetic potential.
You are vulnerable to heat. (rF-)


   Skills:
 + Level 6.1 Fighting
 - Level 10.0 Ranged Weapons
 - Level 1.3 Armour
 - Level 3.4 Dodging
 - Level 1.0 Spellcasting
 - Level 2.0 Hexes


You had 8 spell levels left.
You knew the following spells:

 Your Spells              Type           Power      Damage    Failure   Level
a - Slow                  Hex            20%        N/A       12%         1

Your spell library contained the following spells:

 Spells                   Type           Power      Damage    Failure   Level
 Inner Flame              Hex/Fire       3%         N/A       50%         3
 Portal Projectile        Hex/Tloc       6%         N/A       50%         3
 Cause Fear               Hex            2%         N/A       77%         4

Inventory:

Hand Weapons
 Y - a +1 sling (weapon)
Armour
 j - a +3 leather armour
 k - a +0 cloak (worn)
 m - the +1 robe of the Crushed Seers (worn) {+Blink Fly rPois Str-3}
   (You took it off a hobgoblin on level 4 of the Dungeon)

   Str:       It affects your strength (-3).
   rPois:     It protects you from poison.
   Fly:       It grants you flight.
   +Blink:    It lets you blink.
Jewellery
 b - a ring of protection from fire (right hand)
 h - a ring of resist corrosion (left hand)
Wands
 p - a wand of digging (4)
Scrolls
 a - a scroll of identify
Potions
 c - a potion of lignification {unknown}
 d - a potion of haste
 e - a potion of cancellation
 f - a potion of mutation
 g - a potion of curing
 l - a potion of ambrosia {unknown}

Dungeon Overview and Level Annotations

Branches:
Dungeon (6/15)             Temple (1/1) D:5

Altars:
Ashenzari
Cheibriados
Dithmenos
Elyvilon
Fedhas
Gozag
Kikubaaqudgha
Makhleb
Nemelex Xobeh
Okawaru
Qazlal
Ru
Sif Muna
Uskayaw
Vehumet
Wu Jian
Xom
Yredelemnul
The Shining One

Shops:
D:4 *

Annotations:
D:4 2 transporters, qw's ghost, amateur GrHs
D:5 2 runed translucent doors, qw's ghost, amateur GrHs
D:6 Menkaure


Message History

a +0 falchion; a +0 short sword; an orc corpse
c - a sedimented blue potion Menkaure, Prince of Dust comes into view.
Menkaure shouts!
Menkaure gestures at you while chanting.
Pain shoots through your body!
You shoot a sling bullet. The sling bullet hits Menkaure.
Menkaure is lightly damaged.
You shoot a sling bullet. The sling bullet hits Menkaure.
Menkaure is lightly damaged.
You shoot a sling bullet. The sling bullet hits Menkaure.
Menkaure is lightly damaged.
Menkaure gestures wildly while chanting.
Menkaure seems to speed up.
You shoot a sling bullet.
The sling bullet barely misses Menkaure.
You shoot a sling bullet.
The sling bullet hits Menkaure but does no damage.
Menkaure is lightly damaged.
You shoot a sling bullet. The sling bullet hits Menkaure.
Menkaure is moderately damaged.
Menkaure calls on the powers of darkness!
Your body is wracked with pain!
You shoot a sling bullet. The sling bullet hits Menkaure.
Menkaure is heavily damaged.
Menkaure hits you!!
5536 ||| READING scroll of teleportation.
As you read the scroll of teleportation, it crumbles to dust.
You feel strangely unstable. Menkaure misses you.
5537 ||| DRINKING potion of heal wounds.
You feel much better. Menkaure closely misses you. Menkaure hits you!!
You shoot a sling bullet.
The sling bullet barely misses Menkaure.
Menkaure closely misses you.
You shoot a sling bullet. The sling bullet hits Menkaure.
Menkaure is heavily damaged.
Menkaure hits you!
You die...

#.#. #.#. #.#. #...
##### #.#. #...###
#.#.
######..PP~7####.#.
#.@....~~~~.......)
#M#####.PP...###..)
#. ####...# ##.# #.
##### #.# #. #.#
..# #. #####.# ..
#. ##...#.# .. #.
##......# .#
#........


You could see Menkaure (fast).

Vanquished Creatures
  Grinder (D:3)
  Sigmund (D:3)
  2 black bears (D:4)
  An ice beast (D:6)
  2 ogres
  2 bullfrogs (D:6)
  A scorpion (D:5)
  2 howler monkeys (D:5)
  4 hounds
  2 jellies (D:5)
  3 iguanas
  Terence (D:3)
  7 adders
  2 worms (D:2)
  A dart slug (D:1)
  12 orcs
  5 bats
  10 endoplasms
  2 giant cockroaches
  8 goblins
  7 hobgoblins
  2 quokkas
  3 ball pythons (D:2)
  4 frilled lizards
  9 kobolds
  2 rats
96 creatures vanquished.

Notes
Turn   | Place    | Note
-------+----------+-------------------------------------------
     0 | D:1      | qw the Minotaur Hexslinger began the quest for the Orb.
     0 | D:1      | Reached XP level 1. HP: 16/16 MP: 1/1
     0 | D:1      | 0 ||| qw: Version: 0.3-a-51-g015441d
     0 | D:1      | 0 ||| qw: Game counter: 3783
     0 | D:1      | 0 ||| qw: Melee chars always use a shield: true
     0 | D:1      | 0 ||| qw: God list: Okawaru
     0 | D:1      | 0 ||| qw: Allow faded altars: false
     0 | D:1      | 0 ||| qw: Do Orc after clearing Dungeon:15 true
     0 | D:1      | 0 ||| qw: Do second Lair branch before Depths: true
     0 | D:1      | 0 ||| qw: Lair rune preference: random
     0 | D:1      | 0 ||| qw: Goals: Normal
     0 | D:1      | 0 ||| PLANNING D:1-11
   180 | D:1      | Reached skill level 3 in Ranged Weapons
   180 | D:1      | Reached XP level 2. HP: 22/23 MP: 2/2
   783 | D:1      | 783 ||| DROPPING amulet of magic regeneration.
   784 | D:1      | 784 ||| UPGRADING to ring of resist corrosion.
   785 | D:1      | 785 ||| READING 2 scrolls labelled NEATISHR ZIKIC.
   786 | D:1      | 786 ||| READING scroll labelled VIRAOLO QYROJUA.
   787 | D:1      | 787 ||| DROPPING scroll of poison.
  1070 | D:2      | 1070 ||| Stepping ~*~*~tactically~*~*~ (outnumbered).
  1074 | D:2      | Reached XP level 3. HP: 25/29 MP: 3/3
  1356 | D:2      | Reached skill level 4 in Ranged Weapons
  1756 | D:2      | 1756 ||| UPGRADING to +0 cloak.
  1761 | D:2      | 1761 ||| UPGRADING to +0 ring mail.
  1771 | D:2      | 1771 ||| DROPPING +0 robe.
  1772 | D:2      | 1772 ||| UPGRADING to ring of protection from fire.
  1773 | D:2      | 1773 ||| READING scroll labelled OWA UFFUEHAYS.
  1774 | D:2      | 1774 ||| READING scroll labelled LUC BUVIELU.
  1875 | D:2      | 1875 ||| READING scroll labelled ATOESA SEBBAUG.
  1876 | D:2      | 1876 ||| READING scroll labelled YTRAYL WOPU.
  1877 | D:2      | 1877 ||| DRINKING 2 puce potions.
  2078 | D:3      | Reached skill level 1 in Armour
  2273 | D:3      | Reached XP level 4. HP: 32/36 MP: 4/4
  2476 | D:3      | Noticed Sigmund
  2487 | D:3      | HP: 5/36 [something (10)]
  2491 | D:3      | HP: 1/36 [something (6)]
  2492 | D:3      | Killed Sigmund
  2493 | D:3      | Reached skill level 6 in Ranged Weapons
  2493 | D:3      | Reached XP level 5. HP: 1/41 MP: 5/5
  2712 | D:3      | Reached XP level 6. HP: 48/48 MP: 6/6
  2726 | D:3      | Noticed Grinder
  2742 | D:3      | Killed Grinder
  3016 | D:3      | Found a faded altar of an unknown god.
  3016 | D:3      | Noticed Terence
  3026 | D:3      | Killed Terence
  3157 | D:3      | 3157 ||| READING scroll labelled UNWAPNEAFU.
  3161 | D:3      | 3161 ||| READING scroll labelled XECOWASK SEYL.
  3199 | D:4      | Reached XP level 7. HP: 41/61 MP: 7/7
  3288 | D:4      | Reached skill level 7 in Ranged Weapons
  3348 | D:4      | Identified the +1 robe of the Crushed Seers {+Blink Fly
                  | rPois Str-3}
  3464 | D:4      | Found a transporter.
  3464 | D:4      | Noticed qw's ghost (amateur GrHs)
  3504 | D:4      | Found Pohaene's General Store.
  3632 | D:4      | 3632 ||| BUYING potion of heal wounds (50 gold).
  3632 | D:4      | Bought a potion of heal wounds for 50 gold pieces
  3632 | D:4      | 3632 ||| BUYING scroll of identify (20 gold).
  3632 | D:4      | Bought a scroll of identify for 20 gold pieces
  3739 | D:4      | Reached skill level 8 in Ranged Weapons
  3822 | D:4      | Found a transporter.
  3869 | D:4      | 3869 ||| UPGRADING to +1 robe of the Crushed Seers {+Blink
                  | Fly rPois Str-3}.
  3879 | D:4      | 3879 ||| READING scroll labelled ADGHIEM JISU.
  3974 | D:4      | 3974 ||| READING scroll labelled TEAMPU HUUBLY.
  3975 | D:4      | 3975 ||| DRINKING 2 brown potions.
  3975 | D:4      | Gained mutation: You are vulnerable to heat. (rF-) [potion
                  | of mutation]
  3975 | D:4      | Gained mutation: Your mind is acute. (Int +4, Str/Dex -1)
                  | [potion of mutation]
  3975 | D:4      | Gained mutation: You have hidden genetic potential. [potion
                  | of mutation]
  3975 | D:4      | Gained mutation: Your muscles are strong. (Str +4, Int/Dex
                  | -1) [potion of mutation]
  3976 | D:4      | 3976 ||| READING 3 scrolls of identify.
  3976 | D:4      | 3976 ||| IDENTIFYING bubbling coppery potion
  3977 | D:4      | 3977 ||| READING 2 scrolls of identify.
  3977 | D:4      | 3977 ||| IDENTIFYING coppery potion
  3984 | D:5      | Entered Level 5 of the Dungeon
  3986 | D:5      | 3986 ||| STAIRDANCE
  4272 | D:5      | Reached skill level 9 in Ranged Weapons
  4277 | D:5      | HP: 15/61 [orc/+1 vampiric hand axe (8)]
  4278 | D:5      | 4278 ||| READING scroll of teleportation.
  4279 | D:5      | 4279 ||| DRINKING 2 potions of heal wounds.
  4421 | D:5      | Reached skill level 3 in Dodging
  4421 | D:5      | Reached XP level 8. HP: 68/68 MP: 8/8
  4443 | D:5      | Found a staircase to the Ecumenical Temple.
  4444 | D:5      | 4444 ||| PLANNING TEMPLE
  4454 | D:5      | 4454 ||| READING 2 scrolls of identify.
  4454 | D:5      | 4454 ||| IDENTIFYING fuming pink potion
  4455 | D:5      | 4455 ||| DROPPING potion of invisibility.
  4464 | Temple   | Entered the Ecumenical Temple
  4497 | Temple   | 4497 ||| PLANNING OKAWARU WORSHIP
  4780 | Temple   | Became a worshipper of Warmaster Okawaru
  4781 | Temple   | 4781 ||| PLANNING D:1-11
  4969 | D:5      | Found a runed translucent door.
  4977 | D:5      | Noticed qw's ghost (amateur GrHs)
  5167 | D:5      | Reached skill level 6 in Fighting
  5182 | D:5      | Found a runed translucent door.
  5293 | D:5      | 5293 ||| DROPPING +0 ring mail.
  5294 | D:5      | 5294 ||| READING 3 scrolls of identify.
  5294 | D:5      | 5294 ||| IDENTIFYING green potion
  5295 | D:5      | 5295 ||| READING 2 scrolls of identify.
  5295 | D:5      | 5295 ||| IDENTIFYING golden potion
  5296 | D:5      | 5296 ||| DROPPING potion of brilliance.
  5339 | D:6      | Gained mutation: You are covered in fur. (AC +1) [hidden
                  | potential]
  5457 | D:6      | Reached skill level 10 in Ranged Weapons
  5528 | D:6      | Noticed Menkaure
  5535 | D:6      | HP: 11/70 [Menkaure (22)]
  5536 | D:6      | 5536 ||| READING scroll of teleportation.
  5537 | D:6      | 5537 ||| DRINKING potion of heal wounds.
  5539 | D:6      | Slain by Menkaure

Levels and vault maps discovered:
D:1:      tarquinn_simple_flora_water_a, layout_basic, minmay_misc_feat_plants,
          serial_bayou_lagoon_a
D:2:      minmay_alternating_diamond, layout_loops_corners,
          nicolae_elevator_lobby_plus
D:3:      layout_basic, dilly_ecumenical_altar_fadedgnrine, uniq_sigmund,
          uniq_grinder, uniq_terence
D:4:      layout_basic, serial_shops, nicolae_shop_statue_plus,
          gammafunk_ghost_mausoleum, minmay_misc_feat_iff
D:5:      layout_loops_ring, minmay_temple_entry_waves, ebering_ghost_sewer_f
D:6:      layout_loops_ring, serial_bayou_pond_e, uniq_menkaure
Temple:   compressed_dpeg_triangle_lava_temple

Skill      XL: |  1  2  3  4  5  6  7  8 |
---------------+-------------------------+-----
Ranged Weapons | 3 4 6 9 10 | 10.0
Fighting       | 2 5 6 |  6.1
Armour         | 1 |  1.3
Dodging        | 3 |  3.4
Spellcasting   | |  1.0
Hexes          | |  2.0

Action                     |  1- 3 |  4- 6 |  7- 9 || total
---------------------------+-------+-------+-------++-------
   Fire: Sling             |   123 |    91 |   230 ||   444
    Use: Scroll            |     6 |     2 |     9 ||    17
         Potion            |     1 |       |     3 ||     4
 Armour: Robe              |    10 |       |    15 ||    25
         Ring mail         |     2 |    13 |    16 ||    31
  Dodge: Dodged            |    32 |    17 |    89 ||   138

Table legend:
 A = Non-vault XP
 B = Vault XP
 C = Vault XP percentage of total XP
 D = Non-vault monster count
 E = Vault monster count
 F = Vault count percentage of total count
                 A         B        C        D         E       F
            +---------+---------+-------+---------+---------+-------
      Total |    1579 |     600 |  27.5 |      89 |       7 |   7.3
            +---------+---------+-------+---------+---------+-------
        D:1 |      25 |       0 |   0.0 |      13 |       0 |   0.0
        D:2 |      24 |      22 |  47.8 |      13 |       4 |  23.5
        D:3 |      68 |     578 |  89.5 |      20 |       3 |  13.0
        D:4 |     462 |       0 |   0.0 |      20 |       0 |   0.0
        D:5 |     555 |       0 |   0.0 |      14 |       0 |   0.0
        D:6 |     445 |       0 |   0.0 |       9 |       0 |   0.0
            +---------+---------+-------+---------+---------+-------
